 Dungeon Crawl Stone Soup version 0.32-a0-818-gb728d0252e (webtiles) character file.

Game seed: 5446122296736778823

319872 GeoRichter the Metamorph (level 20, -10/258 (276) HPs)
             Began as a Grey Draconian Shapeshifter on Mar 24, 2024.
             Was a Follower of Jiyva.
             Mangled by a deep elf blademaster
             ... wielding a +0 rapier
              (19 damage)
             ... on level 2 of the Elven Halls.
             The game lasted 01:22:26 (46317 turns).

GeoRichter the Metamorph (DrSh)                    Turns: 46317, Time: 01:22:27

HP:   -10/258 (276) AC: 27    Str: 29    XL:     20   Next: 61%
MP:   29/29         EV: 15    Int: 10    God:    Jiyva [*.....]
Gold: 1512          SH:  5    Dex: 22    Spells: 25/31 levels left

rFire   . . .        h - melded +8 short sword of Hepliaklqana's Esteem {holy, Int+3}
rCold   + . .        (shield currently unavailable)
rNeg    . . .        (body armour unavailable)
rPois   +            a - melded +1 hat
rElec   .            M - melded +0 cloak
rCorr   +            V - melded +2 pair of gloves {Str+3}
SInv    +            O - melded +2 pair of boots {rampage}
Will    +....        o - amulet of reflection
Stlth   ++           I - ring "Nushelie" {rC+ rCorr AC+4 Dex+4}
HPRegen 1.43/turn    y - ring of see invisible
MPRegen 0.61/turn

%: reflection
@: dragon-form, flying, drained
A: dragon claw, dragon scales, flying, boosted hp, mud breath, mud-swimmer, AC
+15, amphibious, giant, unfitting armour, (cold-blooded), (poison resistance),
wild magic 1, noise suppression
}: 2/15 runes: barnacled, gossamer
a: Mud Breath, Begin Untransformation, Renounce Religion


You were on level 2 of the Elven Halls.
You worshipped Jiyva.
Jiyva was aware of your devotion.
You were a fearsome iron dragon!
You visited 7 branches of the dungeon, and saw 34 of its levels.
You also visited: Sewer, Bailey and Ice Cave.

You collected 13302 gold pieces.
You spent 2444 gold pieces at shops.
You paid 9346 gold pieces to Gozag.

Inventory:

Hand Weapons
 h - the +8 short sword of Hepliaklqana's Esteem (melded) {holy, Int+3}
   (You found it on level 2 of the Dungeon)

   Int+3:     It affects your intelligence (+3).
Missiles
 P - 8 curare-tipped darts {!f}
 X - 4 throwing nets {!f}
Armour
 a - a +1 hat (melded)
   (You found it on level 3 of the Spider Nest)
 M - a +0 cloak (melded)
   (You found it on level 1 of the Lair of Beasts)
 O - a +2 pair of boots of rampaging (melded)
   (You bought it in a shop on level 1 of the Dungeon)
 V - a +2 pair of gloves of strength (melded)
   (You bought it in a shop on level 12 of the Dungeon)
Jewellery
 o - an amulet of reflection (around neck)
   (You found it on level 2 of the Lair of Beasts)
 y - a ring of see invisible (right foreclaw)
   (You found it on level 4 of the Dungeon)
 D - a ring of poison resistance
   (You found it on level 6 of the Dungeon)
 I - the ring "Nushelie" (left foreclaw) {rC+ rCorr AC+4 Dex+4}
   (You acquired it in a bailey)

   [ring of protection]

   AC+4:      It affects your AC (+4).
   Dex+4:     It affects your dexterity (+4).
   rC+:       It protects you from cold.
   rCorr:     It protects you from acid and corrosion.
 R - the ring of Umelu {rN+ Str+2 Int+6}
   (You found it on level 4 of the Lair of Beasts)

   [ring of intelligence]

   Str+2:     It affects your strength (+2).
   Int+6:     It affects your intelligence (+6).
   rN+:       It protects you from negative energy.
Talismans
 c - a dragon-blood talisman (active)
   (You found it on level 4 of the Shoals)
 N - the blade talisman of the Ikuchi {rC+ rCorr Str-5 SInv}
   (You found it on level 2 of the Elven Halls)

   [blade talisman]

   Str-5:     It affects your strength (-5).
   rC+:       It protects you from cold.
   SInv:      It lets you see invisible.
   rCorr:     It protects you from acid and corrosion.
Wands
 p - a wand of digging (3)
   (You found it on level 3 of the Dungeon)
 u - a wand of polymorph (4)
   (You took it off Ijyb on level 4 of the Dungeon)
 Q - a wand of quicksilver (17)
   (You found it on level 4 of the Lair of Beasts)
 S - a wand of flame (34)
   (You found it on level 5 of the Lair of Beasts)
 T - a wand of iceblast (13)
   (You took it off Erolcha on level 12 of the Dungeon)
 U - a wand of paralysis (23)
   (You took it off Sonja on level 12 of the Dungeon)
 Y - a wand of mindburst (3)
   (You found it on level 15 of the Dungeon)
Scrolls
 e - 9 scrolls of teleportation {@r4}
 j - 2 scrolls of brand weapon
 l - 3 scrolls of vulnerability {!r}
 n - 4 scrolls of amnesia
 q - 3 scrolls of immolation {!r}
 r - 10 scrolls of enchant armour
 s - 3 scrolls of revelation
 t - a scroll of silence
 x - 3 scrolls of torment {!r}
 G - 7 scrolls of fog
 K - 5 scrolls of noise {!r}
 W - 3 scrolls of fear
Potions
 b - 2 potions of might
 f - 2 potions of resistance
 g - a potion of berserk rage
 i - 16 potions of curing {@q1}
 m - 9 potions of attraction {!q}
 v - 6 potions of heal wounds {@q2}
 w - 6 potions of enlightenment
 z - 4 potions of ambrosia
 A - 8 potions of mutation {!q}
 B - 8 potions of brilliance
 C - 5 potions of cancellation
 E - 13 potions of haste {@q3}
 H - a potion of magic
 Z - 3 potions of invisibility
Miscellaneous
 d - a lightning rod (4/4) {!a}
   (You found it on level 14 of the Dungeon)
 k - a phantom mirror
   (You found it on level 4 of the Shoals)
 J - a sack of spiders
   (You found it on level 4 of the Shoals)
 L - a phial of floods
   (You found it on level 10 of the Dungeon)


   Skills:
 - Level 17.0 Fighting
 - Level 12.6 Dodging
 - Level 18.3 Unarmed Combat
 + Level 6.3 Spellcasting
 * Level 9.9 Necromancy
 - Level 8.9 Evocations
 - Level 19.0 Shapeshifting


You had 25 spell levels left.
You knew the following spells:

 Your Spells              Type           Power      Damage    Failure   Level
a - Death Channel         Necr           15%        N/A       54%         6

Your spell library contained the following spells:

 Spells                   Type           Power      Damage    Failure   Level
 Curse of Agony           Necr           30%        N/A       14%         5
 Anguish                  Hex/Necr       8%         N/A       34%         4
 Blink                    Tloc           8%         N/A       38%         2
 Ensorcelled Hibernation  Hex/Ice        8%         N/A       38%         2
 Lesser Beckoning         Tloc           8%         N/A       38%         2
 Mercury Vapours          Alch/Air       8%         N/A       38%         2
 Momentum Strike          Conj/Tloc      8%         3d8       38%         2
 Scorch                   Fire           8%         2d5       38%         2
 Call Canine Familiar     Summ           4%         N/A       61%         3
 Dazzling Flash           Conj/Hex       8%         N/A       61%         3
 Hailstorm                Conj/Ice       4%         3d5       61%         3
 Mephitic Cloud           Conj/Alch/Air  4%         N/A       61%         3
 Sigil of Binding         Hex            4%         N/A       61%         3
 Summon Ice Beast         Ice/Summ       4%         N/A       61%         3
 Cause Fear               Hex            2%         N/A       93%         4
 Dimensional Bullseye     Hex/Tloc       2%         N/A       93%         4
 Flame Wave               Conj/Fire      4%         2d5       93%         4
 Leda's Liquefaction      Alch/Erth      2%         N/A       93%         4
 Vhi's Electric Charge    Tloc/Air       8%         N/A       93%         4
 Arcjolt                  Conj/Air       2%         1d12      100%        5
 Freezing Cloud           Conj/Ice/Air   2%         6-21      100%        5
 Lee's Rapid Deconstruct  Erth           2%         3d4*      100%        5
 Metabolic Englaciation   Hex/Ice        2%         N/A       100%        5
 Silence                  Hex/Air        2%         N/A       100%        5
 Permafrost Eruption      Ice/Erth       2%         2x4d2     100%        6
 Sculpt Simulacrum        Ice/Alch       2%         N/A       100%        6
 Summon Cactus Giant      Summ           2%         N/A       100%        6
 Enfeeble                 Hex            2%         N/A       100%        7
 Malign Gateway           Summ/Tloc      2%         N/A       100%        7
 Maxwell's Capacitive Co  Air            2%         ∞         100%        8
 Summon Horrible Things   Summ           2%         N/A       100%        8
 Polar Vortex             Ice            2%         N/A       100%        9


Dungeon Overview and Level Annotations

Branches:
Dungeon (15/15) Zot: 25684  Temple (1/1) D:5 Zot: 5924    Lair (5/5) D:10 Zot: 21486
 Shoals (4/4) Lair:2 Zot: 18323  Spider (4/4) Lair:2 Zot: 17159   Slime (0/5) Lair:4
    Orc (2/2) D:12 Zot: 9487     Elf (3/3) Orc:2 Zot: 14605  Vaults (0/5) D:14
 Depths (0/4) D:15          Sewer (visited)          Bailey (visited)
  IceCv (visited)

Altars:
Ashenzari
Cheibriados
Dithmenos
Elyvilon
Fedhas
Gozag
Hepliaklqana
Kikubaaqudgha
Makhleb
Nemelex Xobeh
Okawaru
Qazlal
Ru
Sif Muna
Trog
Uskayaw
Vehumet
Wu Jian
Xom
Yredelemnul
Zin
The Shining One
Jiyva

Shops:
D:1 [   D:3 ?   D:4 *   D:9 (   D:12 =[?:[   D:13 :   D:14 (   Orc:1 ?
Orc:2 ?*:![*:!   Elf:1 [   Elf:2 !   Shoals:3 [   Shoals:4 *

Portals:
Abyss: Lair:2
Pandemonium: Orc:2

Annotations:
D:7 2 transporters
Shoals:4 3 runed translucent doors, exclusion: obsidian statue, Stonecrops's ghost, adept DsFi
Spider:4 Lennaol's ghost, adept HuFE; Quxt's ghost, adept CoHs
Elf:3 4 exclusions


Innate Abilities, Weirdness & Mutations

You are a fearsome iron dragon!
You have a powerful clawing attack.
Your giant scaled body is strong and resilient, but less evasive.
Your breath weapon is enhanced in this form.
You are flying.
Your maximum health is greatly increased.
Your armour is entirely melded.
You are incapable of wielding weapons or throwing items.
You can breathe torrents of mud.
You are unimpeded by mud.
Your dull iron-grey scales are very hard. (AC +15)
You are amphibious.
You cannot fit into any form of body armour.
((You are cold-blooded and may be slowed by cold attacks.))
((Your system is resistant to poisons. (rPois)))
Your spells are a little harder to cast, but a little more powerful.
You passively dampen the noise of your surroundings.


Message History

* * * LOW HITPOINT WARNING * * *
Unknown command.
You miss the deep elf blademaster.
You tail-slap the deep elf blademaster, but do no damage.
You claw the deep elf blademaster, but do no damage.
You bite the deep elf blademaster.
The deep elf blademaster is heavily wounded.
You block the deep elf blademaster's attack.
The deep elf blademaster barely misses you.
You bite the deep elf blademaster!!
Your claw misses the deep elf blademaster.
Your bite misses the deep elf blademaster.
The deep elf blademaster is severely wounded.
The deep elf blademaster hits you with a +0 rapier!
* * * LOW HITPOINT WARNING * * *
The deep elf blademaster hits you with a +0 rapier!!
* * * LOW HITPOINT WARNING * * *
The deep elf blademaster hits you with a +0 rapier!
* * * LOW HITPOINT WARNING * * *
The deep elf blademaster hits you but does no damage.
Blink to where?
Press: ? - help, Dir - move target
As you read the scroll of blinking, it crumbles to dust.
You are no longer corroded.
Gozag petitions for your drink to fail.
Okay, then.
You feel much better.
The deep elf blademaster hits you but does no damage. x2
You completely miss the deep elf blademaster.
Your bite misses the deep elf blademaster.
The deep elf blademaster is severely wounded.
The deep elf blademaster hits you with a +0 rapier.
* * * LOW HITPOINT WARNING * * *
The deep elf blademaster hits you with a +0 rapier!
* * * LOW HITPOINT WARNING * * *
You miss the deep elf blademaster. You tail-slap the deep elf blademaster.
Your claw misses the deep elf blademaster.
The deep elf blademaster is severely wounded.
The deep elf blademaster hits you with a +0 rapier!
* * * LOW HITPOINT WARNING * * *
You block the deep elf blademaster's attack.
Unknown command.
You barely miss the deep elf blademaster.
You tail-slap the deep elf blademaster.
The deep elf blademaster is severely wounded.
The deep elf blademaster hits you with a +0 rapier!!
* * * LOW HITPOINT WARNING * * *
The deep elf blademaster hits you with a +0 rapier!!
You die...
Jiyva sends a jelly to digest your remains.

.# #...)..:.##.#...#.####'###
.###).(.....##.##.##.##.....#
.))).)...............##..J..#
.##########.##.##.#######.###
.### #.##....# ##..##### ...#
#.####..# #.......##
.#.########.####..#####.##'##..#
.#........#........J.##.#...#..##
........>......eD.....#...<...#^#
.##..#####.##.##........#...#.#.#
........##.##.##........##'##.##.
###v.#...#.##.##..............#.#
.....#...#.##..........##.#.###..
####.......##........#####..##.#.
# ###...####......J.#...∩.....#.
# #...# #.....................
######...###........##...........


You could see a deep elf blademaster (berserk, incited) and 2 neutral jellies
(fellow slime).

Vanquished Creatures
  Nikola (Shoals:3)
  Arachne (Spider:2)
  Jorgrun (D:14)
  A deep elf blademaster (Elf:2)
  Agnes (D:14)
  A kraken (Shoals:2)
  Frances (D:13)
  Kirke (Lair:3)
  Roxanne (D:14)
  Aizul (Shoals:3)
  A deep elf sorcerer (Elf:3)
  Louise (D:14)
  A frost giant (IceCv)
  2 emperor scorpions (Spider:4)
  6 ghost moths
  A stone giant (D:15)
  4 broodmothers
  A deep elf death mage (Elf:3)
  Nessos (Orc:2)
  Azrael (Spider:2)
  2 deep elf annihilators (Elf:2)
  The ghost of Livuena the Basher, a journeyman HOFi of Okawaru (Elf:2)
  4 spark wasps
  Snorg (D:14)
  The ghost of paps the Fighter, a journeyman DsGl of Gozag (Lair:3)
  9 merfolk impalers
  6 merfolk javelineers (Shoals:4)
  An entropy weaver (shapeshifter) (D:14)
  An entropy weaver (Spider:4)
  3 fire dragons (D:14)
  A deep elf high priest (Elf:2)
  9 hydras
  A great orb of eyes (Lair:3)
  Harold (Orc:1)
  The ghost of Nvm9 the Fighter, a journeyman DsFi of Qazlal (Lair:2)
  A rakshasa (Lair:2)
  Erolcha (D:12)
  4 jorogumos
  5 merfolk avatars
  9 centaur warriors
  A merfolk aquamancer (Shoals:4)
  3 ogre magi (D:14)
  2 satyrs
  2 boulder beetles
  2 demonspawn (Orc:2)
  25 dancing weapons
  4 radroaches
  An alligator snapping turtle (Shoals:4)
  10 death yaks
  5 tengu warriors
  3 two-headed ogres
  9 orc high priests
  A sun demon (Lair:2)
  9 demonic crawlers
  A thrashing horror (Lair:2)
  Sonja (D:12)
  11 deep elf knights (Elf:2)
  2 hell knights (D:12)
  6 skysharks
  6 pharaoh ants
  14 sea snakes
  12 orb spiders
  A sixfirhy (Orc:2)
  A flayed ghost (D:14)
  5 deep elf archers
  11 harpies
  5 steelbarb worms
  15 deep elf zephyrmancers
  6 orc knights
  8 orc sorcerers
  An obsidian bat (Orc:2)
  16 deep elf pyromancers
  13 ugly things
  23 wolf spiders
  10 cyclopes
  3 fauns (Shoals:2)
  15 elephants
  A moth of wrath (Spider:4)
  A worldbinder (Lair:2)
  A meliai (shapeshifter) (D:12)
  9 meliai
  13 manticores
  2 kobold blastminers (Orc:2)
  9 slime creatures
  3 naga magi (D:12)
  3 black mambas
  7 water nymphs
  3 merfolk sirens
  An ice statue (IceCv)
  6 orange demons
  11 cane toads
  3 smoke demons
  9 rime drakes
  2 gargoyles
  A torpor snail (Spider:2)
  6 komodo dragons
  6 kobold demonologists
  2 freezing wraiths (D:12)
  4 tengu conjurers
  An ice devil (Orc:2)
  8 wind drakes
  4 hellwings
  16 tarantellas
  24 merfolk
  9 trolls
  7 hornets (Lair:5)
  Prince Ribbit (D:6)
  A raiju (D:12)
  23 dream sheep
  9 polar bears
  28 blink frogs
  13 snapping turtles
  A raiju (shapeshifter) (D:14)
  A jumping spider (shapeshifter) (D:14)
  16 culicivoras
  A culicivora (shapeshifter) (D:14)
  31 jumping spiders
  2 centaur simulacra (D:14)
  3 air elementals
  14 spriggans
  3 ynoxinuls (D:12)
  6 water elementals
  Sigmund (D:3)
  2 shadows
  60 yaks
  2 wraiths
  4 wyverns
  5 fire elementals
  4 basilisks
  A hog (Lair:3)
  Grum (D:8)
  The ghost of paps the Chopper, an amateur DsGl (D:3)
  3 wargs
  Eustachio (D:6)
  44 redbacks
  9 vampire mosquitoes
  4 steam dragons
  4 hell hounds
  2 acid dragons
  14 water moccasins
  34 orc warriors
  3 ice beasts
  8 black bears
  2 laughing skulls (D:15)
  3 boggarts (Lair:5)
  25 centaurs
  5 ogres
  47 wolves
  A weeping skull (D:8)
  9 bullfrogs
  5 kobold brigands
  4 scorpions
  An earth elemental (Elf:2)
  2 wights (D:10)
  5 killer bees (D:9)
  2 electric eels
  6 howler monkeys
  A bombardier beetle (D:5)
  3 jellies
  22 orc priests
  2 hounds
  Ijyb (D:4)
  2 sleepcaps
  3 iguanas
  19 orc wizards
  12 hell rats
  10 adders
  4 gnolls (Bailey)
  3 shadow imps
  2 white imps
  6 ufetubi
  14 dart slugs
  2 ribbon worms (D:2)
  70 orcs
  8 endoplasms
  21 giant cockroaches
  12 goblins
  17 hobgoblins
  6 jackals
  19 kobolds
  10 quokkas
  16 ball pythons
  6 bats
  12 frilled lizards
  4 rats
  A spectral orc (D:8)
  3 tentacles (Shoals:2)
1314 creatures vanquished.

Vanquished Creatures (others)
  A ghost moth (Spider:4)
  A pharaoh ant (Spider:4)
  A deep elf knight (Elf:2)
  A deep elf zephyrmancer (Elf:2)
  A tarantella (Spider:3)
  A wind drake (Shoals:3)
  A snapping turtle (Shoals:3)
  A redback (Spider:2)
  25 jellies
  An orc wizard (D:8)
  17 tentacles (Shoals:2)
51 creatures vanquished.

Grand Total: 1365 creatures vanquished

Notes
Turn   | Place    | Note
-------+----------+-------------------------------------------
     0 | D:1      | GeoRichter the Draconian Shapeshifter began the quest for
                  | the Orb.
     0 | D:1      | Reached XP level 1. HP: 16/16 MP: 1/1
   142 | D:1      | Reached XP level 2. HP: 23/23 MP: 2/2
   333 | D:1      | Reached XP level 3. HP: 28/28 MP: 3/3
   367 | D:1      | Found Qostrewoty's Antique Armour Emporium.
   937 | D:2      | Found a bloodstained altar of Trog.
   941 | D:2      | Identified the +8 short sword of Hepliaklqana's Esteem
                  | {holy, Int+3}
   990 | D:2      | Reached XP level 4. HP: 27/35 MP: 4/4
  1126 | D:2      | Reached skill level 5 in Unarmed Combat
  1325 | D:3      | Found a glowing drain.
  1351 | Sewer    | Entered a sewer
  1622 | Sewer    | Reached XP level 5. HP: 40/40 MP: 5/5
  1734 | Sewer    | Reached XP level 6. HP: 8/47 MP: 6/6
  2060 | D:3      | Noticed a water moccasin
  2061 | D:3      | Found a runed translucent gate.
  2061 | D:3      | Found a runed translucent gate.
  2063 | D:3      | Found a runed translucent gate.
  2064 | D:3      | Noticed paps's ghost (amateur DsGl)
  2073 | D:3      | Found Noge's Magic Scroll Shoppe.
  2083 | D:3      | Bought a scroll of teleportation for 30 gold pieces
  2211 | D:3      | Noticed Sigmund
  2229 | D:3      | Killed Sigmund
  2671 | D:4      | Your scales start taking on a dull iron-grey colour.
  2671 | D:4      | Reached XP level 7. HP: 40/55 MP: 7/7
  2853 | D:4      | Noticed Ijyb
  2926 | D:4      | Killed Ijyb
  3000 | D:4      | Found Yjezolyo's General Store.
  3037 | D:4      | Bought a potion of heal wounds for 70 gold pieces
  3327 | D:5      | Entered Level 5 of the Dungeon
  3470 | D:5      | Reached skill level 4 in Shapeshifting
  3667 | D:5      | Found a staircase to the Ecumenical Temple.
  3717 | Temple   | Entered the Ecumenical Temple
  3755 | Temple   | Became a worshipper of Gozag Ym Sagoz the Greedy
  3932 | D:5      | Reached XP level 8. HP: 29/66 MP: 8/8
  4336 | D:6      | Reached skill level 5 in Shapeshifting
  4350 | D:6      | Reached skill level 5 in Fighting
  4365 | D:6      | Noticed Prince Ribbit
  4386 | D:6      | Killed Prince Ribbit
  4465 | D:6      | Reached skill level 6 in Shapeshifting
  4801 | D:6      | Noticed Eustachio
  4843 | D:6      | Killed Eustachio
  4844 | D:6      | Reached XP level 9. HP: 68/75 MP: 9/9
  5128 | D:7      | Found a shimmering blue altar of Sif Muna.
  5273 | D:7      | Reached skill level 7 in Shapeshifting
  5383 | D:7      | Found a flagged portal.
  5418 | Bailey   | Entered a bailey
  5950 | Bailey   | Noticed an orc warlord
  6053 | Bailey   | Acquired the ring "Nushelie" {rC+ rCorr AC+4 Dex+4}
  6172 | D:7      | Reached skill level 10 in Unarmed Combat
  6238 | D:7      | Found a transporter.
  6548 | D:7      | Found a white marble altar of Elyvilon.
  6550 | D:7      | Found a transporter.
  6603 | D:7      | Found a shadowy altar of Dithmenos.
  6657 | D:7      | Found an ancient bone altar of Kikubaaqudgha.
  6658 | D:7      | Found a glowing golden altar of the Shining One.
  6659 | D:7      | Found a burning altar of Makhleb.
  6702 | D:7      | Reached XP level 10. HP: 86/86 MP: 10/10
  7020 | D:8      | Reached skill level 8 in Shapeshifting
  7233 | D:8      | Found a basalt altar of Yredelemnul.
  7325 | D:8      | Noticed Grum
  7335 | D:8      | Killed Grum
  7451 | D:8      | Found a sacrificial altar of Ru.
  7679 | D:8      | Noticed a gargoyle
  7685 | D:8      | Killed a gargoyle
  7689 | D:8      | Found a hide-covered altar of Uskayaw.
  7749 | D:9      | Found an ornate altar of the Wu Jian Council.
  7957 | D:9      | Found Zapusof's Weapon Emporium.
  8431 | D:10     | Entered Level 10 of the Dungeon
  8431 | D:10     | Found an iron altar of Okawaru.
  8842 | D:10     | Noticed a two-headed ogre
  8852 | D:10     | Killed a two-headed ogre
  8889 | D:10     | Found a bloodstained altar of Trog.
  8890 | D:10     | Found a staircase to the Lair.
  9050 | D:10     | Reached XP level 11. HP: 89/95 MP: 11/11
  9170 | D:10     | Noticed a green ugly thing
  9186 | D:10     | Noticed a centaur warrior
  9207 | D:10     | Reached skill level 5 in Dodging
  9231 | D:10     | Killed a centaur warrior
  9282 | D:10     | Noticed a tengu warrior
  9289 | D:10     | Killed a tengu warrior
  9297 | D:10     | Killed a red ugly thing
  9298 | D:10     | Reached skill level 9 in Shapeshifting
  9809 | Lair:1   | Entered Level 1 of the Lair of Beasts
 10498 | D:1      | Bought a pair of runed boots for 217 gold pieces
 10575 | D:4      | Bought 2 potions of mutation for 224 gold pieces
 10605 | D:3      | Bought 2 scrolls of teleportation for 60 gold pieces
 10605 | D:3      | Bought a scroll of teleportation for 30 gold pieces
 10605 | D:3      | Bought a scroll of enchant armour for 75 gold pieces
 10605 | D:3      | Bought a scroll of fog for 40 gold pieces
 10630 | D:3      | Killed paps's ghost
 11091 | Lair:2   | Found a transporter.
 11405 | Lair:1   | Reached skill level 10 in Fighting
 11630 | Lair:2   | Reached XP level 12. HP: 106/106 MP: 12/12
 11635 | Lair:2   | Noticed a rakshasa
 11878 | Lair:2   | Found a hole to the Spider Nest.
 12156 | Lair:2   | Found a transporter.
 12158 | Lair:2   | Noticed Nvm9's ghost (journeyman DsFi)
 12216 | Lair:2   | Noticed a four-headed hydra
 12226 | Lair:2   | Killed a four-headed hydra
 12596 | Lair:2   | Found a staircase to the Shoals.
 12789 | Lair:2   | Noticed a four-headed hydra
 12812 | Lair:2   | Reached skill level 10 in Shapeshifting
 12833 | Lair:2   | Killed a four-headed hydra
 13633 | Lair:3   | Noticed a death yak
 13633 | Lair:3   | Noticed a death yak
 13646 | Lair:3   | Noticed a death yak
 13648 | Lair:3   | Noticed a death yak
 13658 | Lair:3   | Killed a death yak
 13667 | Lair:3   | Killed a death yak
 13672 | Lair:3   | Killed a death yak
 13680 | Lair:3   | Killed a death yak
 13752 | Lair:3   | Noticed Kirke
 13779 | Lair:3   | Killed Kirke
 13780 | Lair:3   | Reached XP level 13. HP: 116/116 MP: 13/13
 13862 | Lair:3   | Found a runed translucent gate.
 13863 | Lair:3   | Found a runed translucent gate.
 13864 | Lair:3   | Found a runed translucent gate.
 13866 | Lair:3   | Noticed paps's ghost (journeyman DsGl)
 14392 | Lair:3   | Found a viscous altar of Jiyva.
 14669 | Lair:2   | Reached skill level 15 in Unarmed Combat
 15179 | Lair:4   | Reached skill level 11 in Shapeshifting
 15630 | Lair:4   | Identified the ring of Umelu {rN+ Str+2 Int+6}
 15721 | Lair:4   | Found a viscous altar of Jiyva.
 15722 | Lair:4   | Found a staircase to the Slime Pits.
 15944 | Lair:5   | Entered Level 5 of the Lair of Beasts
 16507 | Lair:5   | Reached XP level 14. HP: 102/127 MP: 14/14
 16838 | Lair:5   | Reached skill level 12 in Shapeshifting
 18267 | Lair:3   | Killed paps's ghost
 18404 | Lair:2   | Found a one-way gate to the infinite horrors of the Abyss.
 18438 | Lair:2   | Killed Nvm9's ghost
 18456 | Lair:2   | Reached skill level 10 in Dodging
 18813 | D:11     | Reached skill level 13 in Shapeshifting
 18856 | D:11     | Reached skill level 1 in Evocations
 19797 | D:12     | Noticed Erolcha
 19813 | D:12     | Killed Erolcha
 19863 | D:12     | Noticed Sonja
 19867 | D:12     | Paralysed by Sonja for 2 turns
 19875 | D:12     | Paralysed by Sonja for 2 turns
 19881 | D:12     | Killed Sonja
 19965 | D:12     | Found a burning altar of Makhleb.
 20783 | D:12     | Reached XP level 15. HP: 136/136 MP: 15/15
 20842 | D:12     | Reached skill level 14 in Shapeshifting
 20871 | D:12     | Noticed an Executioner
 21036 | D:12     | Reached skill level 5 in Evocations
 21279 | D:12     | Found a staircase to the Orcish Mines.
 21850 | Orc:1    | Entered Level 1 of the Orcish Mines
 21856 | Orc:1    | Noticed Harold
 21870 | Orc:1    | Killed Harold
 22054 | Orc:1    | Found Oho Ziho's Magic Scroll Shop.
 22189 | Orc:1    | Bought a scroll of identify for 28 gold pieces
 22189 | Orc:1    | Bought a scroll of identify for 28 gold pieces
 22189 | Orc:1    | Bought a scroll of identify for 28 gold pieces
 22193 | Orc:1    | Reached XP level 16. HP: 146/146 MP: 16/16
 22194 | Orc:1    | Reached XP level 17. HP: 154/154 MP: 17/17
 22450 | Orc:2    | Entered Level 2 of the Orcish Mines
 22583 | Orc:2    | Gained mutation: You are vulnerable to cold. (rC-) [a
                  | neqoxec]
 22584 | Orc:2    | Gained mutation: Your magical capacity is low. (-10% MP) [a
                  | neqoxec]
 22610 | Orc:1    | Lost mutation: Your magical capacity is low. (-10% MP)
                  | [potion of mutation]
 22610 | Orc:1    | Lost mutation: You are vulnerable to cold. (rC-) [potion of
                  | mutation]
 22610 | Orc:1    | Gained mutation: You passively dampen the noise of your
                  | surroundings. [potion of mutation]
 22610 | Orc:1    | Gained mutation: Your spells are a little harder to cast,
                  | but a little more powerful. [potion of mutation]
 22610 | Orc:1    | Gained mutation: Your system is resistant to poisons.
                  | (rPois) [potion of mutation]
 22994 | Orc:2    | Noticed Nessos
 23008 | Orc:2    | Killed Nessos
 23046 | Orc:2    | Found Niloex's Magic Scroll Shop.
 23071 | Orc:2    | Bought a scroll of blinking for 75 gold pieces
 23100 | Orc:2    | Found Zukole's General Store.
 23107 | Orc:2    | Found Eforiyw's Distillery.
 23611 | Orc:2    | Bought a potion of heal wounds for 80 gold pieces
 23611 | Orc:2    | Bought a potion of mutation for 128 gold pieces
 23611 | Orc:2    | Bought a potion of curing for 48 gold pieces
 23611 | Orc:2    | Bought a potion of curing for 48 gold pieces
 23611 | Orc:2    | Bought a potion of mutation for 128 gold pieces
 23654 | Orc:2    | Found a staircase to the Elven Halls.
 23763 | Orc:2    | Reached skill level 15 in Fighting
 24212 | Orc:2    | Found Byacorua's Book Emporium.
 24212 | Orc:2    | Found Saesmel's Antique Armour Shoppe.
 24220 | Orc:2    | Found a one-way gate leading to the halls of Pandemonium.
 24429 | D:12     | Bought a scroll of fear for 68 gold pieces
 24431 | D:12     | Bought a +2 pair of gloves of strength for 365 gold pieces
 24480 | D:13     | Found a frozen archway.
 24488 | D:13     | Noticed Frances
 24490 | IceCv    | Entered an ice cave
 24987 | IceCv    | Got the Cyclopedia of Algor
 25162 | D:13     | Killed Frances
 25629 | D:13     | Found Qeeruag's Book Shoppe.
 26330 | D:14     | Noticed Jorgrun
 26338 | D:14     | Killed Jorgrun
 26394 | D:14     | Found a gate to the Vaults.
 26618 | D:14     | Noticed Snorg
 26628 | D:14     | Killed Snorg
 26724 | D:14     | Reached XP level 18. HP: 147/166 MP: 18/18
 27269 | D:14     | Noticed Agnes
 27279 | D:14     | Killed Agnes
 27394 | D:14     | Found a shimmering blue altar of Sif Muna.
 27456 | D:14     | Found Noedi's Weapon Boutique.
 27522 | D:14     | Identified the +7 tower shield of the Hecatoncheires {rN+
                  | Int-5 Stlth+}
 27522 | D:14     | Noticed Louise
 27543 | D:14     | Killed Louise
 27642 | D:14     | Noticed Roxanne
 27658 | D:14     | Killed Roxanne
 27946 | D:14     | Acquired the +5 pair of boots of Yzifok Zuuh {rCorr Str-5
                  | Int+4 SInv}
 27970 | D:15     | Entered Level 15 of the Dungeon
 28203 | D:15     | Found a staircase to the Depths.
 28402 | D:15     | Found a shadowy altar of Dithmenos.
 28989 | Spider:1 | Entered Level 1 of the Spider Nest
 31141 | Spider:2 | Reached skill level 15 in Shapeshifting
 31222 | Spider:2 | Noticed Azrael
 31594 | Spider:2 | Killed Azrael
 31707 | Spider:2 | Noticed Arachne
 31732 | Spider:2 | Killed Arachne
 32436 | Spider:3 | Reached skill level 16 in Shapeshifting
 33432 | Spider:4 | Entered Level 4 of the Spider Nest
 33878 | Spider:4 | Reached skill level 17 in Shapeshifting
 34110 | Spider:4 | Reached XP level 19. HP: 174/174 MP: 19/19
 35279 | Spider:4 | Reached skill level 18 in Shapeshifting
 35416 | Spider:4 | Got a gossamer rune of Zot
 35431 | Spider:4 | Identified the scarf of Negation {harm, +Blink rC++ Str-2}
 35585 | Spider:4 | Found a runed translucent gate.
 35585 | Spider:4 | Found a runed translucent gate.
 35585 | Spider:4 | Found a runed translucent gate.
 35595 | Spider:4 | Noticed Quxt's ghost (adept CoHs)
 35597 | Spider:4 | Noticed Lennaol's ghost (adept HuFE)
 35750 | Spider:4 | Found a hide-covered altar of Uskayaw.
 36425 | Shoals:1 | Entered Level 1 of the Shoals
 38539 | Shoals:3 | Identified the serpent talisman of Undesirable Species
                  | {Str+3 Int+2 Stlth-}
 38539 | Shoals:3 | Noticed Aizul
 38539 | Shoals:3 | Noticed Nikola
 38551 | Shoals:3 | Killed Nikola
 38554 | Shoals:3 | Killed Aizul
 39310 | Shoals:3 | Found Aweico's Armour Emporium.
 39779 | Shoals:4 | Entered Level 4 of the Shoals
 40351 | Shoals:4 | Found a runed translucent gate.
 40352 | Shoals:4 | Found a runed translucent gate.
 40353 | Shoals:4 | Found a runed translucent gate.
 40416 | Shoals:4 | Found an opulent altar of Gozag.
 40479 | Shoals:4 | Reached skill level 19 in Shapeshifting
 40486 | Shoals:4 | Learned a level 6 spell: Death Channel
 40552 | Shoals:4 | Reached skill level 1 in Necromancy
 40558 | Shoals:4 | Reached skill level 1 in Spellcasting
 40913 | Shoals:4 | Identified the +10 whip of Ashenzari's Vengeance {holy,
                  | ^Contam rN+ Int+3 Stlth+}
 41435 | Shoals:4 | Reached XP level 20. HP: 184/184 MP: 24/24
 41529 | Shoals:4 | Reached skill level 5 in Necromancy
 41683 | Shoals:4 | Got a barnacled rune of Zot
 41711 | Shoals:4 | Found Ucehahoy's Assorted Antiques.
 41711 | Shoals:4 | Noticed Stonecrops's ghost (adept DsFi)
 42057 | Shoals:4 | Identified the ring "Zomol" {rPois AC+4 Str+2 Int+2 Stlth-}
 42411 | Elf:1    | Entered Level 1 of the Elven Halls
 42424 | Orc:2    | Bought a potion of mutation for 104 gold pieces
 42536 | Elf:1    | Found Wydetit's Armour Emporium.
 42562 | Elf:1    | Found a radiant altar of Vehumet.
 43515 | Elf:2    | Found Boef's Distillery.
 43532 | Elf:2    | Paralysed by an air elemental for 1 turns
 43535 | Elf:2    | Paralysed by an air elemental for 1 turns
 43539 | Elf:2    | Paralysed by an air elemental for 1 turns
 43544 | Elf:2    | Paralysed by an air elemental for 1 turns
 43770 | Elf:2    | Bought a potion of curing for 57 gold pieces
 43770 | Elf:2    | Bought a potion of curing for 57 gold pieces
 43770 | Elf:2    | Bought 2 potions of curing for 114 gold pieces
 43770 | Elf:2    | Bought a potion of heal wounds for 95 gold pieces
 43770 | Elf:2    | Bought a potion of heal wounds for 95 gold pieces
 43770 | Elf:2    | Bought a potion of cancellation for 152 gold pieces
 44027 | Lair:3   | Fell from the grace of Gozag
 44027 | Lair:3   | Became a worshipper of Jiyva Jaak the Shapeless
 44304 | Elf:2    | Found a runed translucent gate.
 44304 | Elf:2    | Found a runed translucent gate.
 44305 | Elf:2    | Found a runed translucent gate.
 44447 | Elf:2    | Paralysed by an air elemental for 1 turns
 44648 | Elf:2    | Reached * piety under Jiyva
 44743 | Elf:2    | Found a runed translucent door.
 44744 | Elf:2    | Found a shimmering altar of Xom.
 44744 | Elf:2    | Noticed Livuena's ghost (journeyman HOFi)
 44840 | Elf:2    | Reached skill level 5 in Spellcasting
 46065 | Elf:2    | Identified the blade talisman of the Ikuchi {rC+ rCorr
                  | Str-5 SInv}
 46228 | Elf:2    | Killed Livuena's ghost
 46263 | Elf:3    | Entered Level 3 of the Elven Halls
 46317 | Elf:2    | HP: 9/258 [deep elf blademaster/+0 rapier (34)]
 46317 | Elf:2    | Mangled by a deep elf blademaster

Illustrated notes

Levels and vault maps discovered:
D:1:      minmay_arrival_wavy_path, layout_loops_ring, serial_shops,
          nicolae_shop_peninsula
D:2:      layout_rooms, basic_altar
D:3:      wad_crossroads, layout_basic, serial_shops, shop,
          gammafunk_ghost_split, gup_sewer_entry_pipe, uniq_sigmund
D:4:      layout_basic, serial_shops, shop, minmay_bisected, uniq_ijyb
D:5:      layout_rooms, minmay_temple_entry_enclosed_plants
D:6:      layout_basic, dk_noncrumbling_4, uniq_prince_ribbit1, uniq_eustachio
D:7:      nicolae_whirlpool, layout_rooms, elyvilon_altar_4,
          mainiacjoe_overflow_concentric_impassable,
          nicolae_overflow_crystal_walls, minitemple, enter_bailey_4
D:8:      layout_rooms, yredelemnul_forgotten_temple_becter,
          nicolae_uskayaw_murder_on_the_dancefloor,
          nicolae_ru_sacrificial_ziggurat, grunt_ministairs_2, uniq_grum
D:9:      layout_small_grid, nzn_wu_jian_council_hall, serial_shops,
          nicolae_shop_real_fake_doors, kennysheep_small_square
D:10:     minmay_chambers_of_sevens, layout_long_grid, bloody_trog,
          okawaru_metal_pillars_1_2, nicolae_titane
D:11:     layout_irregular_city
D:12:     regret_index_makhleb_lecture_halls, layout_basic, orc_0_dummy,
          serial_library_regret_index_split_case, minmay_misc_feat_columns,
          uniq_erolcha, uniq_sonja
D:13:     layout_loops_corners, portal_ice_cave_entry_pillars_2, serial_shops,
          nicolae_shop_crystal, nicolae_eternal_life, uniq_frances
D:14:     minmay_crescents, layout_cave_pods, erik_vaults_1,
          chequers_serial_rivers_small_b, serial_shops, shop, led_sif_pool,
          uniq_snorg, uniq_agnes, uniq_jorgrun, uniq_louise, uniq_roxanne
D:15:     grunt_enter_depths_snipers, layout_gridville, grunt_dithmenos_shadows
Temple:   hellmonk_temple_beads
Lair:1:   layout_misc_corridors
Lair:2:   layout_cave_pods, minmay_shoals_entry_beasts,
          nicolae_spider_entry_tight_spaces, gammafunk_ghost_abyssal_escape,
          nicolae_quartered_pool_little
Lair:3:   layout_regular_city, gammafunk_ghost_ooze,
          infiniplex_staircase_pool_2, grunt_megastairs_5, uniq_kirke
Lair:4:   layout_misc_corridors, dpeg_slime_entry_enclosed, st_stairs_10,
          minmay_holes
Lair:5:   minmay_lair_end_enchanted_forest, layout_loops_ring,
          infiniplex_staircase_pool, serial_bayou_shore_a, grunt_megastairs_4
Shoals:1: layout_shoals
Shoals:2: layout_shoals, nicolae_shoals_former_cling_halls
Shoals:3: layout_shoals, serial_shops, shop, uniq_aizul, uniq_nikola
Shoals:4: shoals_end_simple, layout_shoals, ebering_ghost_gozag
Spider:1: layout_spider_delve
Spider:2: layout_spider_delve, uniq_azrael, uniq_arachne
Spider:3: layout_spider_delve, drop_trap, hangedman_spider_tarantella_strand
Spider:4: johnstein_spider_rune_arachne_lair, gammafunk_ghost_cemetery,
          drop_trap, nicolae_spider_altar_of_dancing
Orc:1:    layout_caves, serial_shops, shop, uniq_harold
Orc:2:    pf_orc_diabolical, layout_caves, serial_shops, nicolae_lakefront_shop,
          special_room, uniq_nessos
Elf:1:    eino_elf_arrival_the_gate, layout_onion_city, basic_altar,
          serial_shops, shop, minivault_24
Elf:2:    nicolae_elf_blades_splatter_lattice [mumra_blade_entry_bloodbath],
          layout_loops_cross, ebering_ghost_xom, serial_shops, shop
Elf:3:    grunt_elf_hall_spiral, layout_geoelf_grid, serial_shops,
          nicolae_shop_tiny_statue_garden, uniq_bai_suzhen

Skill      XL: |  1  2  3  4  5  6  7  8  9 10 11 12 13 14 15 16 17 18 19 20 |
---------------+-------------------------------------------------------------+-----
Unarmed Combat | 4 5 6 7 8 9 10 11 13 14 16 17 18 | 18.3
Fighting       | 2 3 5 7 8 10 11 12 13 14 16 17 | 17.0
Shapeshifting  | 4 6 7 8 9 10 11 13 14 17 19 | 19.0
Dodging        | 3 4 6 7 9 10 11 12 | 12.6
Evocations     | 3 7 8 |  8.9
Necromancy     | 4 9 |  9.9
Spellcasting   | 2 6 |  6.3

Action                     |  1- 3 |  4- 6 |  7- 9 | 10-12 | 13-15 | 16-18 | 19-21 || total
---------------------------+-------+-------+-------+-------+-------+-------+-------++-------
  Melee: Unarmed           |   107 |       |   222 |   729 |  1188 |  1369 |   827 ||  4442
         Tailslap          |     9 |    13 |    71 |   151 |   249 |   320 |   149 ||   962
         Short sword       |     5 |   135 |   238 |       |       |       |       ||   378
         Punch             |     3 |       |       |       |       |    38 |   117 ||   158
         Bite              |       |       |       |       |       |       |    29 ||    29
  Throw: Javelin           |     1 |     2 |     4 |       |       |       |       ||     7
 Invoke: Call Merchant     |       |       |       |       |       |     5 |     3 ||     8
Ability: Mud Breath        |       |       |     1 |       |     1 |       |       ||     2
  Evoke: Wand              |       |       |       |     1 |     1 |     7 |    13 ||    22
    Use: Scroll            |       |       |     6 |     7 |     8 |     9 |     5 ||    35
         Potion            |       |       |       |     2 |     7 |     5 |     1 ||    15
   Stab: Distracted        |     1 |       |     1 |     6 |     6 |     9 |     7 ||    30
         Sleeping          |       |     2 |     2 |       |       |     1 |     9 ||    14
         Held in net/web   |       |       |       |       |       |     1 |       ||     1
 Armour: Skin              |    48 |   112 |   241 |   378 |   538 |   645 |   684 ||  2646
  Dodge: Dodged            |    60 |    83 |   390 |   718 |   978 |  1308 |   588 ||  4125
  Block: Other             |       |       |       |    58 |   215 |   255 |   137 ||   665
         Reflection        |       |       |       |     1 |     1 |    11 |     9 ||    22
   Form: Flux              |       |       |     1 |       |       |     1 |       ||     2
         Blade             |       |       |       |       |       |     1 |       ||     1
         Serpent           |       |       |       |       |       |     1 |       ||     1
         Dragon            |       |       |       |       |       |       |     1 ||     1

Table legend: (Time is in decaauts)
 A = Elapsed time spent in this place.
 B = Non-inter-level travel time spent in this place.
 C = Inter-level travel time spent in this place.
 D = Time resting spent in this place.
 E = Time spent auto-exploring this place.
 F = Levels seen in this place.
 G = Mean time per level.
                   A        B        C        D        E       F      G
               +--------+--------+--------+--------+--------+-----+--------+
         Total |  45174 |  42102 |   3072 |   7638 |  24369 |  37 | 1220.9 |
       Dungeon |  16357 |  15008 |   1349 |    876 |  10647 |  15 | 1090.5 |
        Temple |     75 |     39 |     36 |      0 |      0 |   1 |   75.0 |
          Lair |   8513 |   7725 |    788 |   1239 |   4580 |   5 | 1702.6 |
        Shoals |   5676 |   5529 |    147 |   1195 |   3316 |   4 | 1419.0 |
   Spider Nest |   6840 |   6567 |    273 |   2188 |   2854 |   4 | 1710.0 |
  Orcish Mines |   2512 |   2186 |    326 |    594 |    949 |   2 | 1256.0 |
   Elven Halls |   3394 |   3243 |    151 |   1083 |   1538 |   3 | 1131.3 |
         Sewer |    588 |    588 |      0 |    219 |     59 |   1 |  588.0 |
        Bailey |    622 |    622 |      0 |    173 |    106 |   1 |  622.0 |
      Ice Cave |    592 |    592 |      0 |     69 |    319 |   1 |  592.0 |
               +--------+--------+--------+--------+--------+-----+--------+

Top non-repeatable levels by time:
  Lair:2: 2856 daAuts
    D:12: 2261 daAuts
Spider:3: 2169 daAuts
Shoals:4: 2026 daAuts
   Orc:2: 1910 daAuts
  Lair:5: 1894 daAuts
Spider:1: 1885 daAuts
Spider:4: 1869 daAuts
   Elf:2: 1850 daAuts
    D:10: 1642 daAuts
    D:14: 1566 daAuts
   Elf:1: 1504 daAuts
Shoals:2: 1417 daAuts
  Lair:3: 1400 daAuts
Shoals:3: 1261 daAuts
